 Dungeon Sprint DCSS version 0.27-a0-1434-g6f15984924 (webtiles) character file.

Game seed: 13431247450066153654

107 mhtbhm the Shield-Bearer (level 4, -1/47 HPs)
             Began as a Minotaur Fighter on July 3, 2021.
             Slain by a human (7 damage)
             ... in the Dungeon (Sprint III: "The Ten Rune Challenge").
             The game lasted 00:00:53 (280 turns).

mhtbhm the Shield-Bearer (Minotaur Fighter)          Turns: 280, Time: 00:00:54

Health: -1/47      AC:  7    Str: 22    XL:     4   Next: 57%
Magic:  3/3        EV:  8    Int:  5    God:
Gold:   29         SH: 10    Dex:  9    Spells: 3/3 levels left

rFire    . . .     SeeInvis .   a - +0 war axe
rCold    . . .     Faith    .   c - +0 kite shield
rNeg     . . .     Spirit   .   b - +0 scale mail
rPois    .         Reflect  .   (helmet restricted)
rElec    .         Harm     .   (no cloak)
rCorr    .         Rampage  .   (no gloves)
Will     .....     NoTele   +   (no boots)
Stlth    ..........             (no amulet)
HPRegen  0.15/turn              (no ring)
MPRegen  0.08/turn              (no ring)

@: on berserk cooldown, hasted and slowed
A: horns 2, retaliatory headbutt
a: no special abilities


You were in the Dungeon.
You visited 1 branch You collected 29 gold pieces.

Inventory:

Hand Weapons
 a - a +0 war axe (weapon)
Armour
 b - a +0 scale mail (worn)
 c - a +0 kite shield (worn)
Scrolls
 k - a scroll of holy word {unknown}
 l - 2 scrolls of amnesia {unknown}
 m - 2 scrolls of immolation {unknown}
Potions
 d - a potion of might
 e - a potion of curing
 f - 4 potions of mutation {unknown}
 g - a potion of haste
 h - 2 potions of magic
 n - 2 potions of flight


   Skills:
 + Level 7.0 Fighting
 + Level 4.5 Axes
 + Level 6.7 Armour
 + Level 7.0 Shields


You had 3 spell levels left.
You didn't know any spells.
Your spell library was empty.

Dungeon Overview and Level Annotations

Branches:
Dungeon (1/1)

Altars:
Okawaru
Trog
Uskayaw
Wu Jian
Beogh


Innate Abilities, Weirdness & Mutations

You have a pair of horns on your head.
You reflexively headbutt those who attack you in melee.


Message History

Your headbutt misses the human.
The human is moderately wounded.
You slash the human! The human barely misses you.
The human drinks a potion.
The human seems to grow stronger.
The human hits you with a +0 dagger!
You slash the human! Your headbutt misses the human.
The human is severely wounded.
You slash the human! The human hits you but does no damage.
You block the human's attack.
You barely miss the human.
The human is severely wounded.
You barely miss the human. The human barely misses you. The human hits you!
You closely miss the human.
The human is severely wounded.
You hit the human.
You are no longer berserk.
You are exhausted.
You feel yourself slow down. The human hits you with a +0 dagger.
The human barely misses you.
Unknown command.
Blink to where?
Press: ? - help, Dir - move target
As you read the scroll of blinking, it crumbles to dust.
Unknown command.
You feel yourself speed up.
You see here a human skeleton.
The human rages.
You hear a shout!
You barely miss the human.
The human is severely wounded.
The human hits you but does no damage. x2
Unknown command.
You miss the human. Your headbutt misses the human.
The human is severely wounded.
The human hits you with a +0 dagger! The human hits you with a +0 dagger.
You hit the human. Your headbutt misses the human.
The human is severely wounded.
The human hits you with a +0 dagger!
* * * LOW HITPOINT WARNING * * *
The human hits you with a +0 dagger!
You die...

▓..##.......#..#..# __.
▓##.##.##...#..#..###+#'###+
##.##.###..##'#..#.........
▓#.####.##..###...'.⌠.......
▓.###..##.)####...#...######
▓#..†..##..###....#.⌠.#
###†.##...##p....#...#
##..##....#p.....#+###
#..###..##@#.....# #|.# #..
####....# ▓▓▓▓ ▓▓▓ ▓▓▓▓▓▓


You could see 2 humans.

Vanquished Creatures
  A water elemental (D)
  Jessica (D)
  A human (D)
  A phantom (D)
  3 rats (D)
7 creatures vanquished.

Vanquished Creatures (others)
  6 plants (D)
6 creatures vanquished.

Grand Total: 13 creatures vanquished

Notes
Turn   | Place    | Note
-------+----------+-------------------------------------------
     0 | D        | mhtbhm the Minotaur Fighter began the quest for the Orb.
     0 | D        | Reached XP level 1. HP: 19/19 MP: 0/0
    26 | D        | Noticed Jessica
    29 | D        | Killed Jessica
    30 | D        | Reached skill level 5 in Fighting
    30 | D        | Reached skill level 5 in Armour
    30 | D        | Reached skill level 5 in Shields
    30 | D        | Reached XP level 2. HP: 29/29 MP: 1/1
    51 | D        | Reached XP level 3. HP: 37/37 MP: 2/2
    97 | D        | Noticed a water elemental
   103 | D        | Killed a water elemental
   104 | D        | Reached XP level 4. HP: 23/47 MP: 3/3
   260 | D        | Found a hide-covered altar of Uskayaw.
   260 | D        | Found an iron altar of Okawaru.
   260 | D        | Found a bloodstained altar of Trog.
   260 | D        | Found an ornate altar of the Wu Jian Council.
   260 | D        | Noticed a human
   260 | D        | Noticed a human
   280 | D        | Slain by a human

Illustrated notes

Levels and vault maps discovered:
D:        dungeon_sprint_mu [sprint_mu_entry_cave, sprint_mu_temple_rooms,
          sprint_mu_d1_horrors, sprint_mu_d2_genie, sprint_mu_d3_branching,
          sprint_mu_orc_legion, sprint_mu_elf_gauntlet, sprint_mu_hive_nellie,
          sprint_mu_lair_fedhas, sprint_mu_vaults_butterflies,
          sprint_mu_slime_circle, sprint_mu_swamp_cave, sprint_mu_shoals_archi,
          sprint_mu_blade_basic, sprint_mu_crypt_chambers,
          sprint_mu_tomb_spiral, sprint_mu_vestibule_basic,
          sprint_mu_gehenna_hellfire, sprint_mu_dis_giant,
          sprint_mu_tartarus_statrot, sprint_mu_cocytus_islands, sprint_mu_zot1]

Skill      XL: |  1  2  3 |
---------------+----------+-----
Fighting       | 5 7 |  7.0
Armour         | 5 6 |  6.7
Shields        | 5 7 |  7.0
Axes           | 3 4 |  4.5

Action                   |  1- 3 |  4- 6 || total
-------------------------+-------+-------++-------
Melee: War axe           |    19 |    13 ||    32
       Headbutt          |     3 |     1 ||     4
  Use: Potion            |     1 |     2 ||     3
       Scroll            |       |     1 ||     1
Armor: Scale mail        |     9 |     4 ||    13
Dodge: Dodged            |     8 |     6 ||    14
Block: Kite shield       |    15 |     4 ||    19

Table legend: (Time is in decaauts)
 A = Elapsed time spent in this place.
 B = Non-inter-level travel time spent in this place.
 C = Inter-level travel time spent in this place.
 D = Time resting spent in this place.
 E = Time spent auto-exploring this place.
 F = Levels seen in this place.
 G = Mean time per level.
                   A        B        C        D        E       F      G
               +--------+--------+--------+--------+--------+-----+--------+
         Total |    296 |    296 |      0 |    161 |     20 |   1 |  296.0 |
       Dungeon |    296 |    296 |      0 |    161 |     20 |   1 |  296.0 |
               +--------+--------+--------+--------+--------+-----+--------+

Top non-repeatable levels by time:
       D: 296 daAuts
